Cogmind - Beta 9.6 @@@ ROGUE MODE // 2020.06.22 @ 19:23:57 Player: Vectis Result: Destroyed by 8R-AWN with 8R-AWN's Boregun Performance ------------- Evolutions (1) 500 Regions Visited (5) 1000 Robots Destroyed (63) 315 Value Destroyed (1283) 1283 Prototype IDs (2) 40 Alien Tech Used (0) 0 Bonus (-484) -484 TOTAL SCORE: 2654 Bonus ------- High Alert Combat Kills 35 Friendly Fire -519 Cogmind --------- Core Integrity 0/400 Matter 210/300 Energy 49/100 System Corruption 0% Temperature Cool (0) Movement Treading (200) Ox2 Location -9/Exiles Parts ------- > --- POWER (1) -------- (None) > --- PROPULSION (2) --- Light Treads > --- UTILITY (4) ------ Improved Heat Sink High-capacity Storage Unit Reactive Plating Reactive Plating > --- WEAPON (2) ------- Katana Axe > --- INVENTORY (12) --- Improved Ion Engine Cooled Ion Engine Compact Wheel Cooling System Reactive Plating Electrolaser Grenade Launcher Mini Grenade Launcher Peak State ------------ > --- POWER ------------ Cooled Ion Engine > --- PROPULSION ------- Light Treads Light Treads > --- UTILITY ---------- Improved Heat Sink High-capacity Storage Unit Reactive Plating Reactive Plating > --- WEAPON ----------- Advanced Beam Cannon Advanced Beam Cannon > --- INVENTORY -------- Improved Ion Engine Cooled Ion Engine Light Treads Light Treads Compact Wheel Reactive Plating Electrolaser Grenade Launcher Mini Grenade Launcher Axe [Rating: 23] Favorites ----------- Power Cooled Ion Engine Engine Cooled Ion Engine Propulsion Light Treads Treads Light Treads Utility High-capacity Storage Unit Device Improved Heat Sink Storage High-capacity Storage Unit Processor Transport Network Coupler Protection Reactive Plating Weapon Advanced Beam Cannon Energy Gun Electrolaser Energy Cannon Advanced Beam Cannon Ballistic Gun Light Assault Rifle Launcher Mini Grenade Launcher Slashing Weapon Axe Build | -11 -10 -10 -9 -9 -9 ------- Run | Scr Mat Min Mat Min Exi Slots Evolved 2 | . . . 2 . . Power . | . . . . . . Propulsion . | . . . . . . Utility 2 | . . . 2 . . Weapon . | . . . . . . Parts Attached 54 | 6 2 . 27 . 19 Power 4 | 1 . . 3 . . Engine 4 | 1 . . 3 . . Core . | . . . . . . Reactor . | . . . . . . Propulsion 14 | 2 . . 9 . 3 Treads 14 | 2 . . 9 . 3 Leg . | . . . . . . Wheel . | . . . . . . Hover . | . . . . . . Flight . | . . . . . . Utility 15 | 1 2 . 6 . 6 Device 2 | . . . 1 . 1 Storage 8 | 1 1 . 5 . 1 Processor 1 | . 1 . . . . Hackware . | . . . . . . Protection 4 | . . . . . 4 Artifact . | . . . . . . Weapon 21 | 2 . . 9 . 10 Energy Gun 7 | 1 . . . . 6 Energy Cannon 4 | . . . 4 . . Ballistic Gun 1 | 1 . . . . . Ballistic Cannon . | . . . . . . Launcher 4 | . . . 2 . 2 Special Weapon . | . . . . . . Impact Weapon . | . . . . . . Slashing Weapon 5 | . . . 3 . 2 Piercing Weapon . | . . . . . . Special Melee Weapon . | . . . . . . Unidentified Prototypes 2 | . . . 2 . . Parts Lost 10 | . . . 2 . 8 Power 2 | . . . 1 . 1 Propulsion 4 | . . . 1 . 3 Utility 1 | . . . . . 1 Weapon 3 | . . . . . 3 Highest Loss Streak 5 | . . . 1 . 5 Average Slot Usage (%) 94 | . 96 100 94 100 93 Engine 10 | . 14 14 10 11 10 Treads 22 | . 28 28 22 22 21 Device 8 | . . . 7 11 11 Storage 25 | . 18 28 32 33 19 Protection 3 | . . . . . 7 Energy Gun 4 | . 14 14 . . 6 Energy Cannon 12 | . . . 14 22 13 Ballistic Gun 2 | . 14 14 . . . Slashing Weapon 2 | . . . 5 . . Naked Turns . | . . . . . . Heaviest Build 129 | 10 18 18 81 81 129 Greatest Support 40 | 40 40 40 40 40 40 Greatest Overweight (x) 3 | . . . 2 2 3 Average Overweight (x) 1 | . . . 1 2 1 Largest Inventory Capacity 32 | 6 10 10 24 24 32 Average Capacity 19 | 5 7 10 20 24 21 Most Carried 30 | 4 9 10 22 22 30 Average Carried 16 | 2 6 9 19 22 16 Final Capacity 24 | 6 10 10 24 24 12 Final Carried 22 | 4 9 10 22 22 8 Class Distribution -------------------- 51% | Hauler-Mutant 48% | Mutant Dominant Class ---------------- Mutant | -10/Materials Mutant | -10/Mines Hauler-Mutant | -9/Materials Hauler-Mutant | -9/Mines Hauler-Mutant | -9/Exiles Resources | -11 -10 -10 -9 -9 -9 ----------- Run | Scr Mat Min Mat Min Exi Matter Collected 873 | 264 28 23 458 . 100 Remotely . | . . . . . . Salvage Created 2135 | 83 193 . 1828 . 31 Parts 122 | . 6 . 105 . 11 Haulers Intercepted 7 | . 1 . 6 . . Recyclers Shooed 5 | . 4 . 1 . . Parts Field Recycled . | . . . . . . Retrieved Matter . | . . . . . . Parts Self-Destructed . | . . . . . . Prevented . | . . . . . . Kills | -11 -10 -10 -9 -9 -9 ------- Run | Scr Mat Min Mat Min Exi Combat Hostiles Destroyed 43 | . 2 . 37 . 4 Melee 11 | . . . 11 . . Guns 2 | . 2 . . . . Cannons 20 | . . . 20 . . AOE 10 | . . . 6 . 4 Classes Destroyed 11 | 1 2 . 7 . 1 Builder 1 | . . . 1 . . Tunneler 1 | . . . 1 . . Hauler 7 | . 1 . 6 . . Recycler 5 | 1 1 . 3 . . Operator 2 | . . . 2 . . Watcher 1 | . . . 1 . . Swarmer 11 | . . . 11 . . Grunt 23 | . 2 . 21 . . Duelist 1 | . . . 1 . . Sentry 4 | . . . 4 . . Assembled 6 | . . . . . 6 Best Kill Streak 8 | 1 2 . 8 . 5 Combat Bots Only 4 | . 2 . 4 . 4 Max Kills in Single Turn 4 | 1 1 . 3 . 4 Gunslinging . | . . . . . . Exploded 4 | . . . 3 . 4 Melee 1 | . . . 1 . . Uniques/NPCs Destroyed 1 | . . . . . 1 EX-HEX (-9/Exiles) Combat | -11 -10 -10 -9 -9 -9 -------- Run | Scr Mat Min Mat Min Exi Damage Taken 2602 | . 68 . 1220 . 1314 Core 428 | . 12 . 188 . 228 Absorbed by Shields . | . . . . . . Core Remaining (%) 97 | 100 . 95 . . . Volleys Fired 149 | 4 24 . 69 . 52 Largest 2 | 2 2 . 2 . 2 Hottest 136 | 70 70 . 136 . 126 Shots Fired 262 | 8 47 . 131 . 76 Gun 127 | 8 47 . . . 72 Cannon 126 | . . . 126 . . Launcher 9 | . . . 5 . 4 Special . | . . . . . . Kinetic 28 | 4 24 . . . . Thermal 225 | 4 23 . 126 . 72 Explosive 9 | . . . 5 . 4 Electromagnetic . | . . . . . . Robot Hit Streak 21 | 3 17 . 9 . 21 Robot Miss Streak 3 | 1 3 . 2 . 2 Penetration Max . | . . . . . . Secondary Targets . | . . . . . . Shots Hit Robots 231 | 6 33 . 116 . 76 Core Hits 99 | 2 10 . 55 . 32 Critical Hits 10 | . . . 10 . . Critical Kills 3 | . . . 3 . . Critical Parts Destroyed 7 | . . . 7 . . Melee Attacks 73 | . . . 52 . 21 Impact . | . . . . . . Slashing 73 | . . . 52 . 21 Piercing . | . . . . . . Sneak Attacks 9 | . . . 9 . . Combat Hostiles 1 | . . . 1 . . Follow-up Attacks 6 | . . . 4 . 2 Damage Inflicted 5571 | 66 328 . 4039 . 1138 Guns 485 | 66 328 . . . 91 Cannons 1753 | . . . 1753 . . Explosions 1045 | . . . 486 . 559 Melee 2288 | . . . 1800 . 488 Ramming . | . . . . . . Kinetic 141 | 16 125 . . . . Thermal 2097 | 50 203 . 1753 . 91 Explosive 1045 | . . . 486 . 559 Electromagnetic . | . . . . . . Impact . | . . . . . . Slashing 2288 | . . . 1800 . 488 Piercing . | . . . . . . Highest Corruption . | . . . . . . Average Corruption . | . . . . . . Corruption Purged . | . . . . . . Overload Shots . | . . . . . . Overflow Damage 288 | . . . 264 . 24 Projectiles 26 | . . . 26 . . Explosions 51 | . . . 27 . 24 Melee 211 | . . . 211 . . Knockbacks . | . . . . . . Impact . | . . . . . . Kinetic . | . . . . . . Secondary . | . . . . . . Self-Inflicted Damage 86 | . . . 86 . . Shots 4 | . . . 4 . . Rammed . | . . . . . . Targets Rammed . | . . . . . . Kicked . | . . . . . . Crushed . | . . . . . . Highest Temperature 333 | 60 104 . 174 . 333 Average Temperature 74 | 24 38 . 56 . 206 Received Heat Transfer 405 | . 24 . 381 . . Effects 1 | . . . . . 1 Damage (minor) 1 | . . . . . 1 Siege Activations . | . . . . . . Robots Corrupted . | . . . . . . Combat Hostiles . | . . . . . . Parts Fried . | . . . . . . Impact Corruptions . | . . . . . . Robots Melted . | . . . . . . Combat Hostiles . | . . . . . . Parts Melted 4 | 1 . . 1 . 2 Heat Transferred 4315 | 148 592 . 2997 . 578 Parts Sabotaged . | . . . . . . Parts Stolen . | . . . . . . Parts Stripped . | . . . . . . Power Chain Reactions . | . . . . . . Missiles Intercepted . | . . . . . . Alert | -11 -10 -10 -9 -9 -9 ------- Run | Scr Mat Min Mat Min Exi Peak Influence 486 | 5 112 . 486 150 . Average Influence 175 | . 64 . 222 150 . Maximum Alert Level 2 | . . . 2 . . Low Security (%) 58 | 100 100 100 40 100 . Level 1 38 | . . . 54 . . Level 2 3 | . . . 4 . . Level 3 . | . . . . . . Level 4 . | . . . . . . Level 5 . | . . . . . . High Security . | . . . . . . Max Security . | . . . . . . Squads Dispatched 7 | . 2 . 5 . . Investigation 5 | . 2 . 3 . . Extermination . | . . . . . . Reinforcement 2 | . . . 2 . . Assault . | . . . . . . Garrison . | . . . . . . Intercept . | . . . . . . Construction Impeded . | . . . . . . Haulers Reinforced . | . . . . . . Stealth | -11 -10 -10 -9 -9 -9 --------- Run | Scr Mat Min Mat Min Exi Distress Signals 2 | . 1 . 1 . . Communications Jammed . | . . . . . . Distress Signals . | . . . . . . Times Spotted 68 | . 8 . 54 . 6 Peak Tracking Total 7 | . 7 . 7 . 7 Tactical Retreats 13 | . . . 13 . . Traps | -11 -10 -10 -9 -9 -9 ------- Run | Scr Mat Min Mat Min Exi Traps Triggered 3 | . . . 3 . . Indirectly . | . . . . . . Trap Hack Attempts . | . . . . . . Triggered . | . . . . . . Disarmed . | . . . . . . Reprogrammed . | . . . . . . Reused . | . . . . . . Traps Extracted . | . . . . . . Installed . | . . . . . . Triggered . | . . . . . . Machines | -11 -10 -10 -9 -9 -9 ---------- Run | Scr Mat Min Mat Min Exi Machines Disabled 4 | . . . 2 . 2 Max in Single Turn 2 | . . . 1 . 2 Machines Sabotaged . | . . . . . . Garrisons Compromised . | . . . . . . Overloaded Fab Kills . | . . . . . . Fab Network Shutdowns . | . . . . . . Hacking | -11 -10 -10 -9 -9 -9 --------- Run | Scr Mat Min Mat Min Exi Machines Accessed 12 | . 3 . 8 . 1 Terminals 8 | . 2 . 6 . . Fabricators . | . . . . . . Repair Stations 1 | . . . 1 . . Recycling Units 2 | . 1 . 1 . . Scanalyzers . | . . . . . . Garrison Access . | . . . . . . Total Hacks 36 | . 10 . 25 . 1 Successful 20 | . 7 . 12 . 1 Failed 15 | . 2 . 13 . . Catastrophic 3 | . 1 . 2 . . Database Lockouts 1 | . 1 . . . . Manual 27 | . 7 . 20 . . Terminals 31 | . 9 . 22 . . Fabricators . | . . . . . . Repair Stations 2 | . . . 2 . . Recycling Units 2 | . 1 . 1 . . Scanalyzers . | . . . . . . Garrison Access . | . . . . . . Terminal Hacks 12 | . 6 . 5 . 1 Record 1 | . . . . . 1 Robot Analysis 3 | . 3 . . . . Branch Access Points 1 | . . . 1 . . Unreport Threat 1 | . . . 1 . . Locate Traps 2 | . 1 . 1 . . Patrol Status 1 | . 1 . . . . Investigation Status 1 | . . . 1 . . Recall Investigation 1 | . 1 . . . . Zone Layout 1 | . . . 1 . . Fabricator Hacks . | . . . . . . Repair Station Hacks 2 | . . . 2 . . Scan Component 1 | . . . 1 . . Repair 1 | . . . 1 . . Recycling Unit Hacks . | . . . . . . Scanalyzer . | . . . . . . Garrison Access Hacks . | . . . . . . Unauthorized Hacks 6 | . 1 . 5 . . Terminals 4 | . . . 4 . . Assimilate 2 | . . . 2 . . Botnet 2 | . . . 2 . . Fabricators . | . . . . . . Repair Stations . | . . . . . . Recycling Units 2 | . 1 . 1 . . Tunnel 2 | . 1 . 1 . . Scanalyzers . | . . . . . . Garrison Access . | . . . . . . Data Cores Recovered . | . . . . . . Used . | . . . . . . Hacking Detections 8 | . 2 . 6 . . Full Trace Events 1 | . . . 1 . . Feedback Events . | . . . . . . Feedback Blocked . | . . . . . . Robot Schematics Acquired . | . . . . . . Robots Built . | . . . . . . Matter . | . . . . . . Time . | . . . . . . Total Robot Build Rating . | . . . . . . Part Schematics Acquired . | . . . . . . Parts Built . | . . . . . . Matter . | . . . . . . Time . | . . . . . . Total Part Build Rating . | . . . . . . Parts Repaired 1 | . . . 1 . . Time 26 | . . . 26 . . Parts Recycled . | . . . . . . Recycled Matter . | . . . . . . Retrieved Matter . | . . . . . . Retrieved Components . | . . . . . . Parts Scanalyzed . | . . . . . . Part Schematics Acquired . | . . . . . . Parts Damaged . | . . . . . . Bothacking | -11 -10 -10 -9 -9 -9 ------------ Run | Scr Mat Min Mat Min Exi Used RIF Installer . | . . . . . . Robots Hacked . | . . . . . . Non-combat . | . . . . . . Combat . | . . . . . . Robot Hacks Applied . | . . . . . . Relay Couplers Released . | . . . . . . Robots Rewired . | . . . . . . Allies Hacked . | . . . . . . Hacks Repelled . | . . . . . . Allies | -11 -10 -10 -9 -9 -9 -------- Run | Scr Mat Min Mat Min Exi Total Allies 1 | . . . 1 . . Largest Group 1 | . . . 1 . . Highest-Rated Group 10 | . . . 10 . . Highest-Rated Ally 10 | . . . 10 . . Total Orders 1 | . . . 1 . . STAY 1 | . . . 1 . . Ally Attacks . | . . . . . . Total Damage . | . . . . . . Kills . | . . . . . . Allies Corrupted . | . . . . . . Allies Melted . | . . . . . . Intel | -11 -10 -10 -9 -9 -9 ------- Run | Scr Mat Min Mat Min Exi Robot Analysis Total 3 | . 3 . . . . Derelict Logs Recovered . | . . . . . . Drone Launches . | . . . . . . Drone Recoveries . | . . . . . . Exploration | -11 -10 -10 -9 -9 -9 ------------- Run | Scr Mat Min Mat Min Exi Turns Passed 4528 | 90 431 109 1816 132 1950 Spaces Moved 2011 | 47 221 68 753 67 855 Core 8 | 8 . . . . . Treads 2003 | 39 221 68 753 67 855 Legs . | . . . . . . Wheels . | . . . . . . Hover . | . . . . . . Flight . | . . . . . . Fastest Speed 50 | 50 160 160 160 200 180 Average Speed 185 | 141 160 160 181 200 199 Slowest Speed 220 | 160 160 160 200 200 220 Overloaded Moves . | . . . . . . Propulsion Burnouts . | . . . . . . Robots Hopped . | . . . . . . Cave-ins Triggered . | . . . . . . Exploration Rate (%) 34 | 4 45 23 58 15 60 Regions Visited 5 Branch Regions 3 Pre-discovered Areas 3 | . 1 . 1 . 1 Known Exits Taken 1 | . . . 1 . . Unknown Exits Taken 4 | 1 1 1 . 1 . Scrap Searched 1 | . . 1 . . . Spaces Dug 1 | . . . 1 . . Terrain Destroyed 49 | . . . 33 . 16 Melee 1 | . . . 1 . . Projectile . | . . . . . . AOE 48 | . . . 32 . 16 Actions | -11 -10 -10 -9 -9 -9 --------- Run | Scr Mat Min Mat Min Exi Total 2473 | 61 256 68 1016 66 1006 Wait 71 | 1 4 . 58 . 8 Move 2006 | 46 220 67 752 66 855 Hop . | . . . . . . Pick Up 75 | 4 5 1 36 . 29 Fast Attach 16 | 6 2 . 5 . 3 Attach 13 | . . . 5 . 8 Detach 2 | . . . 2 . . Swap 25 | . . . 17 . 8 Drop 57 | . 1 . 32 . 24 Fire 149 | 4 24 . 69 . 52 Melee 59 | . . . 40 . 19 Ram . | . . . . . . Kick . | . . . . . . Crush . | . . . . . . Escape Stasis . | . . . . . . Rewire . | . . . . . . Trap . | . . . . . . Miscellaneous . | . . . . . . Route ------- -11/Scrapyard -10/Materials -10/Mines -9/Materials (discovered 3 exits: [*Mat x2] / *Min) -9/Mines -9/Exiles (discovered 1 exit: [*Min]) History --------- Turn | Location | Event 3 | -11/Scrapyard | Discovered new exit (range 15) 91 | -11/Scrapyard | Entered Materials 302 | -10/Materials | Build established: Mutant 456 | -10/Materials | Central database locked down 509 | -10/Materials | Discovered new exit (range 9) 522 | -10/Materials | Entered Mines 619 | -10/Mines | Discovered new exit (range 8) 631 | -10/Mines | Entered Materials 631 | -9/Materials | Evolved 2 slots: Utility x2 862 | -9/Materials | Repaired Hcp. Storage Unit 1470 | -9/Materials | Discovered new exit (range 16) 1634 | -9/Materials | Build established: Hauler-Mutant 2116 | -9/Materials | Identified exit to Mines 2306 | -9/Materials | Discovered new exit (range 15) 2447 | -9/Materials | Entered Mines 2569 | -9/Mines | Deemed a non-threat by the Exiles lab entrance 2571 | -9/Mines | Discovered new exit (range 5) 2579 | -9/Mines | Entered Exiles 2609 | -9/Exiles | Discovered new exit (range 15) 2633 | -9/Exiles | Met 8R-AWN 2884 | -9/Exiles | Met EX-HEX 3203 | -9/Exiles | Met EX-DEC 3245 | -9/Exiles | Visited The Gauntlet 3357 | -9/Exiles | Learned location of Zion (-6) 4113 | -9/Exiles | Build established: Mutant 4326 | -9/Exiles | Attacked by the Exiles 4327 | -9/Exiles | Core integrity fell below 50% 4334 | -9/Exiles | Destroyed EX-HEX 4444 | -9/Exiles | Lost 5 parts (2n3w) 4457 | -9/Exiles | Core integrity fell below 20% 4527 | -9/Exiles | Lost 3 parts (1p1n1u) 4529 | -9/Exiles | Destroyed by 8R-AWN with 8R-AWN's Boregun Last Messages --------------- 04488_ Critical hit. 04488_ Penetrated by HV Slug. 04488_ Critical hit. 04488_ Lgt. Treads destroyed. 04492_ Penetrated by HV Slug. 04496_ Critical hit. 04496_ Reactive Plating destroyed. 04501_ Penetrated by HV Slug. 04501_ HV Slug penetrates Wall. 04503_ Axe follow-up attack on 8R-AWN. 04505_ HV Slug penetrates Wall. 04508_ Destroyed Prototype Protection. 04508_ Penetrated by HV Slug. 04510_ Axe follow-up attack on 8R-AWN. 04512_ HV Slug penetrates Wall. 04517_ Penetrated by HV Slug. 04521_ Critical hit. 04525_ Penetrated by HV Slug. 04525_ Critical hit. 04529_ Penetrated by HV Slug. Map ----- +----------------------------------------------------+ | ?????????????????????????????????????????????????? | | ?????????????????????????????????????????????????? | | ?????????????????????????????????????????????????? | | ?????????????????????????????????????????????????? | | ?????????????????????????????????????????????????? | | ?????????????????????????????????????????????????? | | ?????????????????????????????????????????????????? | | ?????????????????????????????????????????????????? | | ?????????????????????????????????????????????????? | | ?????????????????????????????????????????????????? | | ?????????????????????????????????????????????????? | | ????????##? ###??????????????????????????????????? | | ???#####""?" """"##??????????????????????????????? | | ? " """ """"##?????????????????????????????? | | "" " #?????????????????????????????? | | " """#?????????????????????????????? | | a"#???????????#####?????????????? | | "##?????????##" #?????????????? | | "###???????#" #?????????????# | | ""#??????##" ##????????????# | | ? "#????### ###????????### | | ??""" ! ##???# ########## | | ??#""" *!! * ##?## #""""## | | ??#"""" !!%!! !### | | ?##"" !!! = ## | | ##"""" @ #### | | "" g ""#?#"""""#### | | #"""##?#######??#### | | ######??????????????##### | | ##???????????????????????# | | " #????????????????????????? | | "" """ #????????????????????????? | | #""" " " ""#" ##????????????????????????? | | #####""" """## ##??????????????????????????? | | ????###""""### ## ## ???????????????????????????? | | ###???######?#### # #???????????????????????????? | | "!#?????????????#####????????????????????????????? | | !#??????????????????????????????????????????????? | | "#??????????????????????????????????????????????? | | "#??????????????????????????????????????????????? | | ###??????????????????????????????????????????????? | | ?????????????????????????????????????????????????? | | ?????????????????????????????????????????????????? | | ?????????????????????????????????????????????????? | | ?????????????????????????????????????????????????? | | ?????????????????????????????????????????????????? | | ?????????????????????????????????????????????????? | | ?????????????????????????????????????????????????? | | ?????????????????????????????????????????????????? | | ?????????????????????????????????????????????????? | +----------------------------------------------------+ Best States ------------- Heat Dissipation 64 Energy Generation 14 Energy Capacity 280 Matter Stores 300 Matter Capacity 300 Sight Range 16 Terrain Scan Density 10 Armor Coverage 300 Resistance: KI 20 Evasion (%) 40 Recoil Reduction 2 Item Schematics ----------------- None Robot Schematics ------------------ None Fabricated ------------ Nothing Alien Tech Used ----------------- None Achievements -------------- None Challenges ------------ None Game ------ Seed SystemStructuralMatter Manual? 0 Play Time 00:27:28 Cumulative 142.1 hours Start 2020.06.22 @ 18:59:13 End 2020.06.22 @ 19:23:57 Sessions 1 Manual Loads 0 Difficulty Rogue Special Mode None Game No. 64 Rogue 64 Adventurer 0 Explorer 0 Win Type - Total 7 Types 6/0/0/1/0/0/0 Lore% 72 Gallery% 68 Achievement% 58 Wizard Run 0 Options --------- ASCII 1 Keyboard 0 Movement Numpad Keybinds 0 Fullscreen 1 Font 18/SmallcapsGlow Map View 76x50 Tactical HUD 1 Map Filters NONE Filters NONE Steam 1 RUN: 7cfea8b5-dbe9-4870-8cbd-26b3fe5e3ee4